 Seeded DCSS version 0.28-a0-1182-g381e24db82 (webtiles) character file.

Game seed: 12130800008223909736 (custom seed)

4 croobank the Ducker (level 1, 0/11 HPs)
             Began as a Spriggan Abyssal Knight on Dec 16, 2021.
             Was an Initiate of Lugonu.
             Frozen to death by an endoplasm (3 damage)
             ... on level 1 of the Dungeon.
             The game lasted 00:03:13 (237 turns).

croobank the Ducker (Spriggan Abyssal Knight)        Turns: 237, Time: 00:03:14

Health: 0/11       AC:  2    Str:  9    XL:     1   Next: 50%
Magic:  3/3        EV: 17    Int: 11    God:    Lugonu [......]
Gold:   45         SH:  0    Dex: 15    Spells: 0/0 levels left

rFire   . . .      SeeInvis +   a - +1 short sword
rCold   . . .      Faith    .   (shield restricted)
rNeg    . . .      Spirit   .   b - +0 robe
rPois   .          Reflect  .   (helmet restricted)
rElec   .          Harm     .   (no cloak)
rCorr   .          Rampage  .   (gloves unavailable)
Will    .....                   (boots unavailable)
Stlth   +.........              (no amulet)
HPRegen 0.03/turn               (no ring)
MPRegen 0.08/turn               (no ring)

@: very quick
A: very small, no large weapons, unfitting armour, see invisible, speed 3
a: Renounce Religion


You were on level 1 of the Dungeon.
You worshipped Lugonu.
Lugonu was noncommittal.
You visited 1 branch of the dungeon, and saw 1 of its levels.
You visited the Abyss 1 time.

You collected 45 gold pieces.

Inventory:

Hand Weapons
 a - a +1 short sword (weapon)
Missiles
 c - 8 poisoned darts
Armour
 b - a +0 robe (worn)
Jewellery
 d - a ring of fire
Potions
 e - a potion of flight {unknown}


   Skills:
 + Level 2.5 Fighting
 + Level 2.2 Short Blades
 + Level 3.3 Dodging
 + Level 1.8 Invocations


You couldn't memorise any spells.
You didn't know any spells.
Your spell library was empty.

Dungeon Overview and Level Annotations

Branches:
Dungeon (1/15)

Altars:


Innate Abilities, Weirdness & Mutations

You are very small and have problems with some larger weapons.
You are too small for most types of armour.
You have supernaturally acute eyesight. (SInv)
You cover ground extremely quickly. (Speed+++)


Message History

You hit the endoplasm.
The endoplasm is heavily wounded.
The endoplasm freezes you.
You are frozen.
You hit the endoplasm.
The endoplasm is severely wounded.
The endoplasm freezes you.
You are frozen.
* * * LOW HITPOINT WARNING * * *
You barely miss the endoplasm.
The endoplasm is severely wounded.
The endoplasm misses you.
You see here a dart slug corpse.
You see here a +0 leather armour.
Found 13 gold pieces.
You now have 30 gold pieces (gained 13).
Found an encrusted bone ring, 15 gold pieces and a robe.
d - a ring of fire You see here 15 gold pieces.
You now have 45 gold pieces (gained 15).
You see here a +0 robe.
Found a golden potion.
A goblin comes into view. It is wielding a +0 club.
Found 2 scrolls labelled XUNUAR UNOL.
The goblin shouts!
You see here a golden potion.
e - a golden potion You start resting.
A goblin is nearby!
You start resting.
A goblin is nearby!
You miss the goblin. The goblin barely misses you.
You hit the goblin.
You kill the goblin!
Lugonu accepts your kill.
You barely miss the endoplasm.
The endoplasm is heavily wounded.
The endoplasm freezes you.
You are frozen.
You die...

.##.#.##....#...#.#..#
.................#..##
....................
#.#.##........#....#
#.#.##..........#..###
...##............#..#.....
...................†.[....
...#.#.##J#.#.####.#..##.
#.#@................
#.##.#..........#... #
#.##.#......##..#...
...#.#g##.#..)..####.#...
.................# #.....
.............#'### #.....
...............# #..#.#
...##.........## #..#.#
##.##.#+##+#J## #####.....


You could see an endoplasm.

Vanquished Creatures
  A dart slug (D:1)
  A goblin (D:1)
2 creatures vanquished.

Notes
Turn   | Place    | Note
-------+----------+-------------------------------------------
     0 | Abyss:1  | croobank the Spriggan Abyssal Knight began the quest for
                  | the Orb.
     0 | Abyss:1  | Reached XP level 1. HP: 11/11 MP: 3/3
    25 | Abyss:1  | Noticed a worldbinder
    28 | Abyss:1  | Noticed a starcursed mass
    30 | Abyss:1  | Noticed an orb spider
    30 | Abyss:1  | Noticed a wolf spider
    30 | Abyss:1  | Noticed a wolf spider
    39 | D:1      | Escaped the Abyss
   237 | D:1      | Frozen to death by an endoplasm

Illustrated notes

Levels and vault maps discovered:
D:1:      minmay_arrival_checkered_box, layout_basic, minmay_pentomino_q2

Action                   || total
-------------------------++-------
Melee: Short sword       ||    14
Invok: Depart the Abyss  ||     1
Dodge: Dodged            ||     5

Table legend: (Time is in decaauts)
 A = Elapsed time spent in this place.
 B = Non-inter-level travel time spent in this place.
 C = Inter-level travel time spent in this place.
 D = Time resting spent in this place.
 E = Time spent auto-exploring this place.
 F = Levels seen in this place.
 G = Mean time per level.
                   A        B        C        D        E       F      G
               +--------+--------+--------+--------+--------+-----+--------+
         Total |    159 |    159 |      0 |      6 |     46 |   2 |   79.5 |
       Dungeon |    134 |    134 |      0 |      6 |     46 |   1 |  134.0 |
         Abyss |     24 |     24 |      0 |      0 |      0 |   1 |   24.0 |
               +--------+--------+--------+--------+--------+-----+--------+

Top non-repeatable levels by time:
     D:1: 134 daAuts
 Abyss:1: 24 daAuts
